Map: Redshift LE

Players

GreenTea - Winner!

  • Race: Terran Terran
  • League: Diamond
  • Spawn Location: 11:00

ShambleTron

  • Race: Terran Terran
  • League: Diamond
  • Spawn Location: 7:00

VOD

https://youtu.be/Rr_IV3hvEQ0

Description

An aggressive opener which aims for a fast kill if the opponent is not properly prepared. You should retreat if the opponent has enough defense to deflect it and continue with tank, medivac, viking production.

Time

  • Played on: May 27, 2018, 1:38 a.m.
  • Length: 6:36
Show
View Real Time Build Order
Export as new Build Order

GreenTea Terran - Winner!

Build Orders: Reaper Expand 

Get SALT Encoding   

  12  0:00  SCV  
  13  0:12  SCV  
  14  0:17  Supply Depot  
  14  0:25  SCV  
  15  0:38  SCV  
  15  0:40  Barracks  
  16  0:44  Refinery  
  16  0:50  SCV  
  17  1:03  SCV  
  18  1:15  SCV  
  19  1:29  Reaper  
  19  1:30  Orbital Command  
  20  1:49  Command Center  
  20  1:57  SCV  
  21  2:02  Supply Depot  
  21  2:03  Barracks Reactor  
  21  2:10  SCV  
  22  2:23  SCV, Factory  
  23  2:42  Marine x2  
  24  2:54  SCV  
  25  3:02  Orbital Command  
  25  3:06  Refinery, SCV  
  26  3:13  Barracks  
  26  3:15  Cyclone  
  26  3:18  Refinery  
  26  3:19  SCV  
  30  3:24  Marine  
  31  3:29  SCV  
  32  3:35  Cyclone  
  32  3:39  SCV  
  36  3:44  Marine  
  37  3:52  Cyclone  
  37  3:55  SCV x2  
  42  4:02  Marine  
  43  4:03  Marine  
  43  4:06  Supply Depot  
  44  4:10  Cyclone  
  44  4:12  SCV x2  
  49  4:33  Supply Depot  
  49  4:34  Starport  
  49  4:35  Marine x2  
  49  4:37  SCV x2  
  53  4:45  Hellion x2  
  57  4:58  SCV x2  
  57  4:59  Barracks Reactor, Barracks Tech Lab  
  59  5:06  Liberator x2  
  59  5:10  SCV x2  
  61  5:18  Marine  
  61  5:19  Factory Tech Lab  
  62  5:25  SCV x2  
  66  5:57  Marine x2  
  53  6:23  SCV x2  
  55  6:28  Engineering Bay  
Show
View Real Time Build Order
Export as new Build Order

ShambleTron Terran 

Build Orders:  

Get SALT Encoding   

  12  0:02  SCV  
  13  0:14  SCV  
  13  0:17  Supply Depot  
  14  0:26  SCV  
  15  0:39  SCV  
  15  0:40  Barracks  
  16  0:46  Refinery  
  16  0:51  SCV  
  16  0:56  Supply Depot  
  17  1:03  SCV  
  18  1:15  SCV  
  19  1:29  Reaper  
  19  1:30  Orbital Command  
  20  1:35  Refinery  
  20  1:57  Refinery  
  20  1:59  SCV  
  20  2:00  Marine  
  22  2:07  Factory  
  21  2:12  SCV  
  22  2:24  SCV  
  22  2:29  Barracks Reactor  
  22  2:32  Reaper  
  22  2:51  SCV  
  23  3:03  SCV  
  23  3:05  Command Center  
  24  3:06  Barracks Reactor  
  24  3:09  Starport  
  24  3:15  SCV  
  25  3:26  Factory Tech Lab  
  25  3:27  SCV  
  25  3:32  Supply Depot  
  26  3:55  Banshee  
  29  4:03  Starport  
  29  4:08  Barracks Tech Lab  
  29  4:09  Hellion x2  
  33  4:12  Cloaking Field  
  33  4:19  Orbital Command  
  33  4:25  Engineering Bay  
  33  4:30  Hellion x2  
  37  4:36  SCV  
  38  4:39  Orbital Command  
  38  4:45  Banshee  
  41  4:48  SCV  
  42  4:57  Banshee  
  47  5:00  Hellion  
  47  5:05  SCV  
  48  5:28  Banshee  
  51  5:36  Hellion  
  53  5:46  Hellion  
Tags
 
Add a new tag
Caveats
  • Supply blocks, unpowered buildings, or Contaminate may cause inaccurate times.
  • Supply counts are checked every 10 seconds.